AoeStats
← Morrig4n4692

Arena

510092920Analyzed
1v1 RM · 4d ago on Sep 29, 2026· 21m 5s· 2 players
Game mode
Random Map
Map size
Tiny (2 player)
Population
200
Speed
Normal
Resources
Standard
Victory
Conquest
Starting age
Dark Age
Ending age
Imperial Age
RankedLock teamsTeams togetherTeam positionsShared explorationLock speedFull tech treeHidden civsTurbo modeCheats
Victory
Defeat
🇺🇸 Mongols · United States
1151
+23
🇨🇳 Turks · China
1123
-15
Morrig4n4692
2:51 Loom
10:26 Feudal Age
14:33 Castle Age
13:42 Double-Bit Axe
16:33 Fletching
17:35 Fletching
19:20 Padded Archer Armor
--————--
12:18 Feudal Age
13:29 Double-Bit Axe
13:35 Horse Collar
16:18 Castle Age
15:24 Gold Mining
20:39 Imperial Age
20:08 Loom
Connection lost

Rejoining the realm…

Still unreachable

The connection could not be restored.

Session expired

The server has moved on; the page needs a fresh start.